| TOP OF THE 1ST |
|
Dunedin Rangers batting - Pitching for Clearwater Threshers : LHP Natale Beltrametti
|
|
Pitching: LHP Natale Beltrametti
|
|
|
Batting: LHB Curt Ford
|
0-0: Ball 1-0: Foul Ball, location: 2F 1-1: Ball 2-1: Ball 3-1: Called Strike 3-2: Ground out 6-3 (Groundball, P, EV 85.6 MPH)
|
|
Batting: RHB Mike Taylor
|
0-0: Ball 1-0: Foul Ball, location: 2F 1-1: Foul Ball, location: 2F 1-2: Foul Ball, location: 2F 1-2: Ground out 5-3 (Groundball, 56S, EV 66.3 MPH)
|
|
Batting: RHB Glenn Wilson
|
0-0: Fly out, F9 (Flyball, 9, EV 81.3 MPH)
|
| Top of the 1st over - 0 runs, 0 hits, 0 errors, 0 left on base; Dunedin 0 - Clearwater 0 |
| BOTTOM OF THE 1ST |
|
Clearwater Threshers batting - Pitching for Dunedin Rangers : RHP Walt Terrell
|
|
Pitching: RHP Walt Terrell
|
|
|
Batting: LHB Tom Jones
|
0-0: Called Strike 0-1: DOUBLE (Line Drive, 78D, EV 106.3 MPH)
|
|
Batting: RHB Vincent Beringhele
|
0-0: Ball 1-0: Ball 2-0: Swinging Strike 2-1: Fly out, F7 (Line Drive, 7, EV 98.8 MPH)
|
|
Batting: RHB Roy Wolfe
|
0-0: Ball 1-0: Ball 2-0: Ball 3-0: Called Strike 3-1: Fly out, F9 (Flyball, 9LD, EV 101.9 MPH) Runner from 2nd tags up, SAFE at 3rd, no throw by RF
|
|
Batting: RHB Cliff Pastornicky
|
0-0: Ground out 4-3 (Groundball, 4, EV 81.3 MPH)
|
| Bottom of the 1st over - 0 runs, 1 hit, 0 errors, 1 left on base; Dunedin 0 - Clearwater 0 |
| TOP OF THE 2ND |
|
Dunedin Rangers batting - Pitching for Clearwater Threshers : LHP Natale Beltrametti
|
|
Batting: RHB Edgar Martinez
|
0-0: Foul Ball, location: 2F 0-1: Foul Ball, location: 2F 0-2: Strikes out looking
|
|
Batting: RHB John Gibbons
|
0-0: Swinging Strike 0-1: Ball 1-1: Ball 2-1: Swinging Strike 2-2: Strikes out swinging
|
|
Batting: LHB Ty Van Burkleo
|
0-0: Ball 1-0: Foul Ball, location: 2F 1-1: Ball 2-1: Ball 3-1: Base on Balls
|
|
Batting: RHB Gary Thurman
|
0-0: Foul Ball, location: 2F 0-1: Fly out, F7 (Flyball, 7LS, EV 75.0 MPH)
|
| Top of the 2nd over - 0 runs, 0 hits, 0 errors, 1 left on base; Dunedin 0 - Clearwater 0 |
| BOTTOM OF THE 2ND |
|
Clearwater Threshers batting - Pitching for Dunedin Rangers : RHP Walt Terrell
|
|
Batting: RHB Rico Sutton
|
0-0: Ball 1-0: Foul Ball, location: 2F 1-1: Ball 2-1: Called Strike 2-2: Fly out, F4 (Popup, 4S, EV 80.0 MPH)
|
|
Batting: RHB Ralph Antone
|
0-0: Called Strike 0-1: Ball 1-1: Ball 2-1: Ground out 3-1 (Groundball, 34, EV 101.3 MPH)
|
|
Batting: RHB Sean Severns
|
0-0: Called Strike 0-1: Called Strike 0-2: Ball 1-2: SINGLE (Line Drive, 9S, EV 111.9 MPH)
|
|
Batting: RHB Pete Piskol
|
0-0: Ball 1-0: Foul Ball, location: 2F 1-1: Ball 2-1: Foul Ball, location: 2F 2-2: Foul Ball, location: 2F 2-2: Ball 3-2: Ground out 5-3 (Groundball, 5L, EV 85.6 MPH)
|
| Bottom of the 2nd over - 0 runs, 1 hit, 0 errors, 1 left on base; Dunedin 0 - Clearwater 0 |
| TOP OF THE 3RD |
|
Dunedin Rangers batting - Pitching for Clearwater Threshers : LHP Natale Beltrametti
|
|
Batting: RHB Ron Gant
|
0-0: Foul Ball, location: 2F 0-1: Foul Ball, location: 2F 0-2: SINGLE (Groundball, 4MD, EV 98.1 MPH)
|
|
Batting: RHB Craig Goodin
|
0-0: Ball 1-0: Foul Ball, location: 2F 1-1: Ball 2-1: Foul Ball, location: 2F 2-2: Ball 3-2: Grounds into double play, 4-6-3 (Groundball, 4, EV 95.6 MPH)
|
|
Batting: LHB Curt Ford
|
0-0: Ball 1-0: Ball 2-0: Swinging Strike 2-1: Ball 3-1: Base on Balls
|
|
Batting: RHB Mike Taylor
|
0-0: Ball 1-0: Ball 2-0: Swinging Strike 2-1: Ball 3-1: Called Strike 3-2: Foul Ball, location: 2F 3-2: Base on Balls Curt Ford to second
|
|
Batting: RHB Glenn Wilson
|
0-0: Fly out, F9 (Flyball, 9LS, EV 75.0 MPH)
|
| Top of the 3rd over - 0 runs, 1 hit, 0 errors, 2 left on base; Dunedin 0 - Clearwater 0 |
| BOTTOM OF THE 3RD |
|
Clearwater Threshers batting - Pitching for Dunedin Rangers : RHP Walt Terrell
|
|
Batting: RHB Pedro Hernandez
|
0-0: Called Strike 0-1: Ball 1-1: Swinging Strike 1-2: Foul Ball, location: 2F 1-2: Ball 2-2: Ball 3-2: Base on Balls
|
|
Batting: LHB Tom Jones
|
0-0: Foul Ball, location: 2F 0-1: Fielders Choice at 2nd, 6-4 (Groundball, 6M, EV 96.3 MPH)
|
|
Batting: RHB Vincent Beringhele
|
0-0: Ball 1-0: Ball Tom Jones steals 2nd base 2-0: Ground out 6-3 (Groundball, 6, EV 108.8 MPH)
|
|
Batting: RHB Roy Wolfe
|
0-0: Ball 1-0: Ball 2-0: Called Strike 2-1: Ball 3-1: SINGLE (Line Drive, 6D, EV 97.5 MPH) Tom Jones to third Runner from 3rd tries for Home, SAFE, throw by CF to home
|
|
Batting: RHB Cliff Pastornicky
|
0-0: Called Strike Balk! Roy Wolfe to second 0-1: Ball 1-1: Called Strike 1-2: Strikes out swinging
|
| Bottom of the 3rd over - 1 run, 1 hit, 0 errors, 1 left on base; Dunedin 0 - Clearwater 1 |
| TOP OF THE 4TH |
|
Dunedin Rangers batting - Pitching for Clearwater Threshers : LHP Natale Beltrametti
|
|
Batting: RHB Edgar Martinez
|
0-0: Fly out, F5 (Flyball, 5D, EV 95.0 MPH)
|
|
Batting: RHB John Gibbons
|
0-0: Called Strike 0-1: Swinging Strike 0-2: Ball 1-2: Ball 2-2: Ground out 6-3 (Groundball, 6, EV 80.0 MPH)
|
|
Batting: LHB Ty Van Burkleo
|
0-0: Fly out, F9 (Flyball, 9LD, EV 101.3 MPH)
|
| Top of the 4th over - 0 runs, 0 hits, 0 errors, 0 left on base; Dunedin 0 - Clearwater 1 |
| BOTTOM OF THE 4TH |
|
Clearwater Threshers batting - Pitching for Dunedin Rangers : RHP Walt Terrell
|
|
Batting: RHB Rico Sutton
|
0-0: Ball 1-0: SINGLE (Line Drive, 3D, EV 104.4 MPH)
|
|
Batting: RHB Ralph Antone
|
0-0: Ball Wild Pitch! Rico Sutton to second 1-0: Foul Ball, location: 2F 1-1: Called Strike 1-2: Ball 2-2: Fly out, F7 (Flyball, 7LS, EV 90.6 MPH)
|
|
Batting: RHB Sean Severns
|
0-0: Ball 1-0: Ground out U3 (Groundball, 34, EV 98.1 MPH) Rico Sutton to third
|
|
Batting: RHB Pete Piskol
|
0-0: Ball 1-0: Foul Ball, location: 2F 1-1: Fly out, F8 (Flyball, 89D, EV 83.1 MPH)
|
| Bottom of the 4th over - 0 runs, 1 hit, 0 errors, 1 left on base; Dunedin 0 - Clearwater 1 |
| TOP OF THE 5TH |
|
Dunedin Rangers batting - Pitching for Clearwater Threshers : LHP Natale Beltrametti
|
|
Batting: RHB Gary Thurman
|
0-0: Ball 1-0: Foul Ball, location: 2F 1-1: Foul Ball, location: 2F 1-2: Foul Ball, location: 2F 1-2: Ball 2-2: Fly out, F8 (Line Drive, 8RD, EV 92.5 MPH)
|
|
Batting: RHB Ron Gant
|
0-0: Ball 1-0: Ball 2-0: SINGLE (Groundball, 34D, EV 88.8 MPH) (infield hit)
|
|
Batting: RHB Craig Goodin
|
0-0: Foul Ball, location: 2F 0-1: Called Strike 0-2: Ball 1-2: Foul Ball, location: 2F 1-2: Strikes out swinging
|
|
Batting: LHB Curt Ford
|
0-0: Called Strike 0-1: Ball 1-1: Swinging Strike 1-2: Ground out U3 (Groundball, 3, EV 91.3 MPH)
|
| Top of the 5th over - 0 runs, 1 hit, 0 errors, 1 left on base; Dunedin 0 - Clearwater 1 |
| BOTTOM OF THE 5TH |
|
Clearwater Threshers batting - Pitching for Dunedin Rangers : RHP Walt Terrell
|
|
Batting: RHB Pedro Hernandez
|
0-0: Fly out, F8 (Flyball, 89M, EV 81.3 MPH)
|
|
Batting: LHB Tom Jones
|
0-0: Foul Ball, location: 2F 0-1: Foul Ball, location: 2F 0-2: Ball 1-2: Strikes out looking
|
|
Batting: RHB Vincent Beringhele
|
0-0: Ball 1-0: Ground out 5-3 (Groundball, 5L, EV 87.5 MPH)
|
| Bottom of the 5th over - 0 runs, 0 hits, 0 errors, 0 left on base; Dunedin 0 - Clearwater 1 |
| TOP OF THE 6TH |
|
Dunedin Rangers batting - Pitching for Clearwater Threshers : LHP Natale Beltrametti
|
|
Batting: RHB Mike Taylor
|
0-0: Ball 1-0: Ball 2-0: Fly out, F8 (Flyball, 8LM, EV 87.5 MPH)
|
|
Batting: RHB Glenn Wilson
|
0-0: Ball 1-0: Ball 2-0: Foul Ball, location: 2F 2-1: Called Strike 2-2: Ball 3-2: Foul Ball, location: 2F 3-2: Base on Balls
|
|
Batting: RHB Edgar Martinez
|
0-0: Ball 1-0: Called Strike 1-1: Foul Ball, location: 2F 1-2: Ball 2-2: Strikes out swinging
|
|
Batting: RHB John Gibbons
|
0-0: Ball 1-0: Called Strike 1-1: Called Strike 1-2: Ball 2-2: Ground out 4-3 (Groundball, 4, EV 98.1 MPH)
|
| Top of the 6th over - 0 runs, 0 hits, 0 errors, 1 left on base; Dunedin 0 - Clearwater 1 |
| BOTTOM OF THE 6TH |
|
Clearwater Threshers batting - Pitching for Dunedin Rangers : RHP Walt Terrell
|
|
Batting: RHB Roy Wolfe
|
0-0: Ball 1-0: Ball 2-0: Foul Ball, location: 2F 2-1: Ground out 4-3 (Groundball, 4, EV 90.0 MPH)
|
|
Batting: RHB Cliff Pastornicky
|
0-0: TRIPLE (Flyball, 9LD, EV 101.3 MPH)
|
|
Batting: RHB Rico Sutton
|
0-0: Ball 1-0: Ground out 4-3 (Groundball, 34, EV 91.3 MPH)
|
|
Batting: RHB Ralph Antone
|
0-0: Called Strike 0-1: Foul Ball, location: 2F 0-2: Strikes out looking
|
| Bottom of the 6th over - 0 runs, 1 hit, 0 errors, 1 left on base; Dunedin 0 - Clearwater 1 |
| TOP OF THE 7TH |
|
Dunedin Rangers batting - Pitching for Clearwater Threshers : LHP Natale Beltrametti
|
|
Batting: LHB Ty Van Burkleo
|
0-0: Called Strike 0-1: Ball 1-1: Called Strike 1-2: Fly out, F8 (Flyball, 8RD, EV 106.3 MPH)
|
|
Batting: RHB Gary Thurman
|
0-0: Foul Ball, location: 2F 0-1: Ball 1-1: Ball 2-1: Ball 3-1: Ground out 6-3 (Groundball, 56, EV 86.9 MPH)
|
|
Batting: RHB Ron Gant
|
0-0: Ball 1-0: Foul Ball, location: 2F 1-1: Foul Ball, location: 2F 1-2: Ball 2-2: Foul Ball, location: 2F 2-2: Ball 3-2: Base on Balls
|
|
Pinch Hitting: LHB Mike L Hart
|
0-0: 2-RUN HOME RUN (Flyball, 89XD, EV 110.6 MPH), Distance : 396 ft
|
|
Batting: LHB Curt Ford
|
0-0: Swinging Strike 0-1: Foul Ball, location: 2F 0-2: Ground out 4-3 (Groundball, 4, EV 86.3 MPH)
|
| Top of the 7th over - 2 runs, 1 hit, 0 errors, 0 left on base; Dunedin 2 - Clearwater 1 |
| BOTTOM OF THE 7TH |
|
Clearwater Threshers batting - Pitching for Dunedin Rangers : RHP Walt Terrell
|
|
Now at SS: Danny Andrade
|
|
|
Batting: RHB Sean Severns
|
0-0: Called Strike 0-1: Ball 1-1: Ball 2-1: Foul Ball, location: 2F 2-2: Ball 3-2: Fly out, F9 (Flyball, 9LS, EV 70.6 MPH)
|
|
Batting: RHB Pete Piskol
|
0-0: Swinging Strike 0-1: SINGLE (Flyball, 4MD, EV 85.6 MPH)
|
|
Batting: RHB Pedro Hernandez
|
0-0: Ball 1-0: Called Strike 1-1: Called Strike 1-2: Ball 2-2: Ball 3-2: Base on Balls Pete Piskol to second
|
|
Batting: LHB Tom Jones
|
0-0: Ball 1-0: Grounds into double play, 6-4-3 (Groundball, 6, EV 96.3 MPH)
|
| Bottom of the 7th over - 0 runs, 1 hit, 0 errors, 1 left on base; Dunedin 2 - Clearwater 1 |
| TOP OF THE 8TH |
|
Dunedin Rangers batting - Pitching for Clearwater Threshers : LHP Natale Beltrametti
|
|
Batting: RHB Mike Taylor
|
0-0: Ball 1-0: Swinging Strike 1-1: Ground out 5-3 (Groundball, 56S, EV 93.1 MPH)
|
|
Batting: RHB Glenn Wilson
|
0-0: Ball 1-0: Ball 2-0: Fly out, F4 (Popup, 34D, EV 48.1 MPH)
|
|
Batting: RHB Edgar Martinez
|
0-0: Called Strike 0-1: Ball 1-1: Ball 2-1: Foul Ball, location: 2F 2-2: Fly out, F3 (Flyball, 3D, EV 75.6 MPH)
|
| Top of the 8th over - 0 runs, 0 hits, 0 errors, 0 left on base; Dunedin 2 - Clearwater 1 |
| BOTTOM OF THE 8TH |
|
Clearwater Threshers batting - Pitching for Dunedin Rangers : RHP Walt Terrell
|
|
Batting: RHB Vincent Beringhele
|
0-0: Called Strike 0-1: Ball 1-1: Ball 2-1: Foul Ball, location: 2F 2-2: Strikes out swinging
|
|
Batting: RHB Roy Wolfe
|
0-0: Called Strike 0-1: Ball 1-1: Foul Ball, location: 2F 1-2: Foul Ball, location: 2F 1-2: Strikes out swinging
|
|
Batting: RHB Cliff Pastornicky
|
0-0: Ball 1-0: Swinging Strike 1-1: SINGLE (Groundball, 6D, EV 98.8 MPH)
|
|
Batting: RHB Rico Sutton
|
0-0: Ball 1-0: Called Strike 1-1: Swinging Strike 1-2: Ball 2-2: Ball 3-2: Strikes out swinging
|
| Bottom of the 8th over - 0 runs, 1 hit, 0 errors, 1 left on base; Dunedin 2 - Clearwater 1 |
| TOP OF THE 9TH |
|
Dunedin Rangers batting - Pitching for Clearwater Threshers : LHP Natale Beltrametti
|
|
Pitching: RHP Leslie Rizenman
|
|
|
Batting: RHB John Gibbons
|
0-0: Called Strike 0-1: Ball 1-1: Ball 2-1: Foul Ball, location: 2F 2-2: Foul Ball, location: 2F 2-2: Fly out, F9 (Flyball, 9LS, EV 81.9 MPH)
|
|
Batting: LHB Ty Van Burkleo
|
0-0: Ball 1-0: Ball 2-0: SOLO HOME RUN (Flyball, 9D, EV 90.0 MPH), Distance : 379 ft
|
|
Batting: RHB Gary Thurman
|
0-0: Ball 1-0: Called Strike 1-1: SINGLE (Line Drive, 6MD, EV 101.9 MPH)
|
|
Batting: RHB Ron Gant
|
0-0: Ball 1-0: Foul Ball, location: 2F 1-1: Foul Ball, location: 2F 1-2: Foul Ball, location: 2F 1-2: Strikes out swinging
|
|
Batting: RHB Danny Andrade
|
0-0: Ball 1-0: Ball 2-0: Fielders Choice at 2nd, 6-4 (Groundball, 6, EV 101.3 MPH)
|
| Top of the 9th over - 1 run, 2 hits, 0 errors, 1 left on base; Dunedin 3 - Clearwater 1 |
| BOTTOM OF THE 9TH |
|
Clearwater Threshers batting - Pitching for Dunedin Rangers : RHP Walt Terrell
|
|
Pitching: LHP Eric Erickson
|
|
|
Now at SS: Frank Vazquez
|
|
|
Batting: RHB Ralph Antone
|
0-0: Called Strike 0-1: Fly out, F4 (Popup, 4D, EV 63.8 MPH)
|
|
Batting: RHB Sean Severns
|
0-0: Called Strike 0-1: Called Strike 0-2: Ball 1-2: Strikes out looking
|
|
Batting: RHB Pete Piskol
|
0-0: Called Strike 0-1: Foul Ball, location: 2F 0-2: Foul Ball, location: 2F 0-2: Fly out, F8 (Line Drive, 8LM, EV 103.1 MPH)
|
| Bottom of the 9th over - 0 runs, 0 hits, 0 errors, 0 left on base; Dunedin 3 - Clearwater 1 |
|